 Dungeon Sprint DCSS version 0.17-a0-1528-gfee3901 (webtiles) character file.

447 ztt the Quickloader (level 6, -4/53 HPs)
             Began as a Centaur Hunter on July 15, 2015.
             Was an Initiate of Okawaru.
             Slain by Sonja
             ... wielding a +0 dagger of distortion
              (14 damage)
             ... in the Dungeon (Sprint I: "Red Sonja").
             The game lasted 00:02:35 (880 turns).

ztt the Quickloader (Centaur Hunter)                 Turns: 880, Time: 00:02:36

Health: -4/53      AC:  4    Str: 16    XL:     6   Next: 73%
Magic:  6/6        EV: 10    Int: 10    God:    Okawaru [......]
Gold:   184        SH:  0    Dex: 10    Spells: 0 memorised, 5 levels left

rFire  . . .     SeeInvis .     a - +1 hand crossbow
rCold  . . .     Clarity  .     d - +0 leather armour
rNeg   . . .     SustAt   .     (no shield)
rPois  .         Gourm    .     (no helmet)
rElec  .         Spirit   .     (no cloak)
rCorr  .         Warding  .     (no gloves)
rMut   .         NoTele   +     (no barding)
MR     .....                    (no amulet)
Stlth  +.........               (no ring)
                                (no ring)

@: lethally poisoned (-4 -> -56), slowed, not resistant to hostile enchantments,
very unstealthy
A: hooves 3, deformed body, speed 2, tough skin 3
a: Renounce Religion


You were in the Dungeon.
You worshipped Okawaru.
Okawaru was noncommittal.
You were not hungry.

You visited 1 branch You collected 305 gold pieces.
You spent 121 gold pieces at shops.

Inventory:

Hand weapons
 a - a +1 hand crossbow (weapon)
 c - a +0 short sword
Missiles
 b - 12 bolts (quivered)
Armour
 d - a +0 leather armour (worn)
Scrolls
 k - a scroll of blinking
Potions
 f - 2 potions of curing
 h - a potion of haste
 i - 2 potions of magic
 j - a potion of berserk rage
 l - 2 potions of might
Comestibles
 e - a bread ration


   Skills:
 + Level 4.4 Fighting
 + Level 13.9 Crossbows
 + Level 2.2 Armour
 + Level 3.6 Dodging
 - Level 1.0 Stealth


You had 5 spell levels left.
You didn't know any spells.

Dungeon Overview and Level Annotations

Branches:
Dungeon (1/1)

Altars:
Elyvilon
Gozag
Kikubaaqudgha
Makhleb
Nemelex Xobeh
Okawaru
Qazlal
Ru
Sif Muna
Trog
Vehumet
Xom
Yredelemnul
Zin
The Shining One

Shops:
D !

Annotations:
D Sonja


Innate Abilities, Weirdness & Mutations

You have hooves in place of feet.
Armour fits poorly on your strangely shaped body.
You cover ground very quickly.
You have extremely tough skin (AC +3).


Message History

Sonja shoots a curare-tipped needle.
The curare-tipped needle hits you.
You are more poisoned.
You have difficulty breathing.
You feel as though you will be slow longer.
Firing (i - inventory):
b - 13 bolts (quivered)
Press: ? - help, Shift-Dir - straight line, f/p - Sonja
Aim: Sonja, wielding a blowgun (lightly wounded)
You shoot a bolt. The bolt hits Sonja.
Sonja is moderately wounded.
You feel very sick.
Sonja unwields an uncursed blowgun.
Sonja wields an uncursed dagger of distortion.
Its appearance distorts for a moment.
Sonja misses you.
Sonja hits you with an uncursed dagger of distortion.
* * * LOW HITPOINT WARNING * * *
Space bends around you.
* * * LOW HITPOINT WARNING * * *
Sonja hits you but does no damage. x2
Space warps horribly around you!
You die...

################
#<.#..)..#..'..#
#.)'..#..'..#..+
#..#####'#####'#
#.)####..#...#.#
#..#__####..##.#
#..#_..__##'#..+
#⌠⌠#_.∩...'.K._#
####_..._##_@#+#
#_____###'#
####### #.# $.$
$($ ##(## #+#


You could see Sonja.

Vanquished Creatures
  Sigmund (D)
  A yak (D)
  An ogre (D)
  Ijyb (D)
  A jelly (D)
5 creatures vanquished.

Notes
Turn   | Place    | Note
--------------------------------------------------------------
     0 | D        | ztt the Centaur Hunter began the quest for the Orb.
     0 | D        | Reached XP level 1. HP: 17/17 MP: 1/1
     2 | D        | Noticed Ijyb
    19 | D        | Killed Ijyb
    19 | D        | Reached skill level 7 in Crossbows
    19 | D        | Reached XP level 2. HP: 23/25 MP: 2/2
    51 | D        | Noticed an ogre
    71 | D        | Killed an ogre
    71 | D        | Reached skill level 10 in Crossbows
    71 | D        | Reached XP level 3. HP: 4/31 MP: 3/3
    71 | D        | Reached XP level 4. HP: 4/38 MP: 4/4
   370 | D        | Noticed Sigmund
   388 | D        | Killed Sigmund
   388 | D        | Reached skill level 12 in Crossbows
   388 | D        | Reached skill level 1 in Armour
   388 | D        | Reached XP level 5. HP: 18/46 MP: 5/5
   705 | D        | Found a deep blue altar of Sif Muna.
   706 | D        | Noticed a jelly
   707 | D        | Found a radiant altar of Vehumet.
   709 | D        | Killed a jelly
   709 | D        | Reached skill level 1 in Stealth
   709 | D        | Reached XP level 6. HP: 52/52 MP: 6/6
   739 | D        | Found Goem Bau's Distillery.
   739 | D        | Found a white marble altar of Elyvilon.
   739 | D        | Found a stormy altar of Qazlal.
   739 | D        | Found a burning altar of Makhleb.
   739 | D        | Found a sacrificial altar of Ru.
   739 | D        | Found a basalt altar of Yredelemnul.
   739 | D        | Found a glowing golden altar of the Shining One.
   739 | D        | Found a sparkling altar of Nemelex Xobeh.
   739 | D        | Found a shimmering altar of Xom.
   739 | D        | Found an opulent altar of Gozag.
   739 | D        | Found an ancient bone altar of Kikubaaqudgha.
   739 | D        | Found a glowing silver altar of Zin.
   739 | D        | Noticed a yak
   764 | D        | Killed a yak
   764 | D        | Reached skill level 13 in Crossbows
   859 | D        | Found an iron altar of Okawaru.
   860 | D        | Found a bloodstained altar of Trog.
   864 | D        | Bought a potion of might for 44 gold pieces
   864 | D        | Bought a potion of might for 44 gold pieces
   864 | D        | Bought a potion of curing for 33 gold pieces
   869 | D        | Became a worshipper of Warmaster Okawaru
   875 | D        | Noticed Sonja
   880 | D        | Slain by Sonja

Vault maps used:
D:        dungeon_sprint_1

Action                   |  1- 3 |  4- 6 || total
-------------------------+-------+-------++-------
 Fire: Hand crossbow     |    22 |    25 ||    47
  Use: Potion            |     1 |     1 ||     2
